 Dungeon Crawl Stone Soup version 0.31.0-12-g77e489cdc1 (webtiles) character file.

Game seed: 14180733641020112199

441 RancidPinata the Covert (level 7, 0/49 HPs)
             Began as an Octopode Delver on Feb 19, 2024.
             Succumbed to a kobold brigand's poison
             ... on level 4 of the Dungeon.
             The game lasted 00:13:42 (3396 turns).

RancidPinata the Covert (Octopode Delver)           Turns: 3396, Time: 00:13:43

Health: 0/49       AC:  1    Str: 12    XL:     7   Next: 2%
Magic:  7/7        EV: 14    Int: 12    God:
Gold:   214        SH:  0    Dex: 15    Spells: 6/6 levels left

rFire   . . .        l - +0 dagger (elec)
rCold   . . .        (no shield)
rNeg    . . .        (helmet restricted)
rPois   .            (no amulet)
rElec   .            (no ring)
rCorr   .            (no ring)
SInv    .            (no ring)
Will    .....        (no ring)
Stlth   +++++        (no ring)
HPRegen 0.28/turn    (no ring)
MPRegen 0.10/turn    (no ring)
                     (no ring)

%: no passive effects
@: lethally poisoned (0 -> 0)
A: almost no armour, amphibious, 8 rings, camouflage 1, gelatinous body 1,
(nimble swimmer 1), tentacles
a: no special abilities


You were on level 4 of the Dungeon.
You visited 2 branches of the dungeon, and saw 7 of its levels.

You collected 214 gold pieces.

Inventory:

Hand Weapons
 a - a +0 short sword
 l - a +0 dagger of electrocution (weapon)
Missiles
 i - 5 boomerangs (quivered)
 m - 74 stones
 o - 10 poisoned darts
 p - a throwing net
Wands
 f - a wand of digging (3)
 k - a wand of charming (14)
Scrolls
 b - 2 scrolls of fog
 c - 2 scrolls of revelation
 d - a scroll of fear
 g - 2 scrolls of enchant weapon {unknown}
 j - 2 scrolls of identify {unknown}
 q - 2 scrolls of noise {unknown}
 r - a scroll of poison {unknown}
 u - 2 scrolls of amnesia {unknown}
 w - a scroll of immolation {unknown}
Potions
 e - a potion of haste
 h - 4 potions of mutation {unknown}
 n - 2 potions of curing {unknown}
 s - a potion of resistance {unknown}
 t - 3 potions of ambrosia {unknown}
 v - a potion of enlightenment {unknown}
 x - a potion of might {unknown}


   Skills:
 * Level 4.7 Fighting
 + Level 3.2 Short Blades
 * Level 4.2 Dodging
 * Level 8.5 Stealth


You had 6 spell levels left.
You didn't know any spells.
Your spell library was empty.

Dungeon Overview and Level Annotations

Branches:
Dungeon (6/15)             Temple (1/1) D:5

Altars:
Ashenzari
Cheibriados
Elyvilon
Fedhas
Gozag
Hepliaklqana
Makhleb
Nemelex Xobeh
Qazlal
Ru
Trog
Uskayaw
Vehumet
Wu Jian
Yredelemnul
Zin
The Shining One

Shops:
D:4 ((


Innate Abilities, Weirdness & Mutations

You cannot wear most types of armour.
You are amphibious.
You can wear up to eight rings at the same time.
Your skin changes colour to match your surroundings (Stealth+).
Your rubbery body absorbs attacks. (AC +1, EV +1)
((You are camouflaged when in or above water. (Stealth+)))
You have tentacles for arms and can constrict up to eight enemies at once.


Message History

You constrict the kobold brigand, but do no damage.
You feel sick.
The kobold brigand hits you with a +0 whip!
You hit the kobold brigand.
The kobold brigand is moderately wounded.
You constrict the kobold brigand.
You feel sick.
You hit the kobold brigand but do no damage.
You squeeze the kobold brigand!
The kobold brigand is severely wounded.
You constrict the kobold brigand, but do no damage.
You feel sick.
The kobold brigand struggles to escape constriction.
You hit the kobold brigand but do no damage.
The kobold brigand is heavily wounded.
You constrict the kobold brigand.
You feel sick.
The kobold brigand hits you with a +0 whip.
You hit the kobold brigand. You squeeze the kobold brigand.
The kobold brigand is almost dead.
You constrict the kobold brigand.
You feel sick.
The kobold brigand escapes!
You hit the kobold brigand but do no damage.
You grab the kobold brigand.
The kobold brigand is almost dead.
You constrict the kobold brigand, but do no damage.
You feel sick.
The kobold brigand hits you with a +0 whip!
* * * LOW HITPOINT WARNING * * *
You hit the kobold brigand.
The kobold brigand is almost dead.
You constrict the kobold brigand.
You feel sick. The kobold barely misses you.
The kobold brigand hits you with a +0 whip.
* * * LOW HITPOINT WARNING * * *
You barely miss the kobold brigand.
The kobold brigand is almost dead.
You constrict the kobold brigand.
You feel sick. The kobold closely misses you.
The kobold brigand hits you with a +0 whip.
* * * LOW HITPOINT WARNING * * *
You hit the kobold brigand but do no damage.
The kobold brigand is almost dead.
You constrict the kobold brigand.
You die...

. #..# ###.≈≈≈≈≈≈ .. ####
#.#.≈..... ... #.#.≈.####
.... ###.#.≈.#... §§...
### ♣##...#.≈.#.≈≈
§§....♣♣.## #.....#.≈.#.≈.
........♣.###.♣..#.≈.#.≈..
..†.$.♣♣KK.#######.≈.#.≈_.
.....KK)♣@..######.≈.#.≈≈≈
......♣#....♣.#.#..≈.#....
....♣ ##.♣..♣#....≈.#####
... ##.........≈...... .
###.....#.≈≈≈≈≈≈≈
###♣...........
#......##.#. ........##...
..............


You could see a kobold brigand and a kobold.

Vanquished Creatures
  Blork the orc (D:5)
  2 hounds
  2 iguanas
  A sleepcap (D:4)
  3 gnolls
  9 adders
  A dart slug (D:1)
  3 ribbon worms
  9 orcs
  9 endoplasms
  6 giant cockroaches
  6 goblins
  8 hobgoblins
  2 jackals (D:3)
  2 quokkas
  3 training dummies (D:4)
  12 ball pythons
  7 bats
  A frilled lizard (D:1)
  21 kobolds
  11 rats
119 creatures vanquished.

Vanquished Creatures (others)
  A kobold (D:4)
1 creature vanquished.

Grand Total: 120 creatures vanquished

Notes
Turn   | Place    | Note
-------+----------+-------------------------------------------
     0 | D:5      | RancidPinata the Octopode Delver began the quest for the
                  | Orb.
     0 | D:5      | Reached XP level 1. HP: 16/16 MP: 1/1
     1 | D:6      | Noticed a black bear
    66 | D:5      | Found an ornate altar of the Wu Jian Council.
    81 | D:6      | Noticed a kobold brigand
    99 | D:5      | Noticed a hound
   100 | D:5      | Found a burning altar of Makhleb.
   100 | D:5      | Found a glowing golden altar of the Shining One.
   101 | D:5      | Killed a hound
   102 | D:5      | Reached skill level 7 in Stealth
   102 | D:5      | Reached XP level 2. HP: 21/21 MP: 2/2
   102 | D:5      | Reached XP level 3. HP: 26/26 MP: 3/3
   116 | D:5      | Found a staircase to the Ecumenical Temple.
   129 | Temple   | Entered the Ecumenical Temple
   231 | D:5      | Noticed Blork the orc
   239 | D:5      | Killed Blork the orc
   240 | D:5      | Reached XP level 4. HP: 33/33 MP: 4/4
   375 | D:4      | Found a white marble altar of Elyvilon.
   376 | D:4      | Found a snail-covered altar of Cheibriados.
   469 | D:4      | Reached XP level 5. HP: 28/37 MP: 5/5
   535 | D:4      | Found Levomy's Weapon Shoppe.
   577 | D:4      | Found Vofeza's Firing Range.
   922 | D:3      | Reached XP level 6. HP: 43/43 MP: 6/6
  1072 | D:3      | Reached skill level 8 in Stealth
  1874 | D:2      | Found a glowing golden altar of the Shining One.
  3141 | D:1      | You fall into a shaft and drop 1 floor!
  3209 | D:4      | Reached XP level 7. HP: 49/49 MP: 7/7
  3395 | D:4      | HP: 1/49 [kobold brigand/+0 whip (4)]
  3396 | D:4      | Succumbed to a kobold brigand's poison

Illustrated notes

Levels and vault maps discovered:
D:1:      dpeg_arrival_rooms_with_view, layout_basic
D:2:      layout_basic, basic_altar, minmay_3d_cube
D:3:      layout_rooms, st_stairs_4, roderic_lattice_a,
          kennysheep_generic_room_2
D:4:      kennysheep_kobold_camp, layout_rooms, mainiacjoe_overflow_swirl,
          nicolae_overflow_squiral, serial_shops,
          nicolae_shop_bloodbath_and_beyond, st_stairs_1, chequers_big_river,
          minmay_misc_feat_tower, nicolae_shop_firing_range
D:5:      layout_cave_pools, pdpol_wu_jian_five_deadly_venoms,
          gammafunk_temple_overflow_elements, minmay_temple_entry_water_ring,
          hangedman_decor_opposing, nicolae_the_louvre, uniq_crazy_yiuf_cottage,
          uniq_blork_the_orc
D:6:      layout_cave_pools
Temple:   nicolae_temple_x_marks_the_god

Skill      XL: |  1  2  3  4  5  6 |
---------------+-------------------+-----
Stealth        | 7 8 |  8.5
Dodging        | 3 4 |  4.2
Fighting       | 4 |  4.7
Short Blades   | 3 |  3.2

Action                     |  1- 3 |  4- 6 |  7- 9 || total
---------------------------+-------+-------+-------++-------
  Melee: Short sword       |     9 |    25 |       ||    34
         Constrict         |     1 |    44 |     8 ||    53
         Tentacles         |       |    37 |     5 ||    42
         Dagger            |       |   152 |    19 ||   171
         Punch             |       |     4 |       ||     4
  Throw: Boomerang         |       |       |     3 ||     3
   Stab: Sleeping          |     2 |    44 |       ||    46
 Armour: Skin              |     3 |    47 |     9 ||    59
  Dodge: Dodged            |     4 |    87 |    11 ||   102
